Map: Blackburn LE

Players

cure - Winner!

  • Race: Terran Terran

LiquidClem (Clem)

  • Race: Terran Terran
  • League: Bronze

Event: TSL 7

VOD

Have the link to the VOD?

Description

Time

  • Played on: June 19, 2021, 10:48 a.m.
  • Length: 12:13

All games in this series

Show
View Real Time Build Order
Export as new Build Order

cure Terran - Winner!

Build Orders:  

Get SALT Encoding   

  12  0:00  SCV  
  13  0:12  SCV  
  14  0:17  Supply Depot  
  14  0:24  SCV  
  15  0:38  SCV  
  15  0:40  Barracks  
  16  0:43  Refinery  
  16  0:51  SCV  
  16  0:52  Refinery  
  17  1:03  SCV  
  18  1:15  SCV  
  19  1:27  Reaper, Orbital Command  
  19  1:28  Supply Depot  
  20  1:44  Factory  
  20  1:53  SCV  
  21  1:59  Reaper  
  22  2:05  SCV  
  23  2:17  SCV  
  24  2:22  Command Center  
  26  2:30  Hellion  
  26  2:31  SCV  
  26  2:34  Barracks Reactor  
  27  2:40  Supply Depot  
  27  2:43  SCV  
  28  2:49  Starport  
  28  2:55  Widow Mine  
  30  2:58  SCV  
  31  3:10  SCV, Marine x2  
  34  3:16  Factory Tech Lab  
  34  3:17  Refinery  
  34  3:22  SCV  
  34  3:26  Medivac  
  37  3:29  Marine x2  
  39  3:34  Orbital Command  
  39  3:37  SCV  
  40  3:44  Siege Tank  
  40  3:48  Marine x2  
  44  3:52  SCV  
  46  3:56  Supply Depot  
  46  3:59  Starport Tech Lab  
  46  4:04  SCV x2  
  46  4:07  Marine  
  46  4:08  Marine  
  50  4:18  SCV x2  
  50  4:19  Supply Depot  
  50  4:21  Raven  
  54  4:26  Marine x2  
  54  4:30  SCV x2  
  57  4:37  Siege Tank  
  56  4:42  SCV x2  
  56  4:44  Marine x2  
  57  4:49  Supply Depot  
  57  4:54  SCV x2  
  59  5:01  Marine x2  
  59  5:04  Raven  
  61  5:10  Siege Tank  
  61  5:13  SCV x2  
  66  5:20  Marine x2  
  68  5:25  Supply Depot  
  68  5:26  Command Center  
  68  5:29  SCV x2  
  70  5:42  SCV x2  
  66  5:51  Siege Tank  
  66  5:53  Refinery  
  66  5:54  SCV x2  
  71  5:57  Marine, Viking x2  
  71  5:59  Stimpack  
  76  6:08  Supply Depot  
  76  6:09  SCV x2  
  78  6:11  Barracks  
  78  6:13  Barracks  
  78  6:15  Marine  
  79  6:21  SCV x2, Engineering Bay  
  79  6:22  Engineering Bay  
  81  6:28  Viking x2  
  85  6:33  Siege Tank  
  85  6:36  SCV x2  
  85  6:38  Marine  
  85  6:39  Orbital Command  
  91  6:48  Terran Infantry Armor Level 1, Terran Infantry Weapons Level 1  
  91  6:50  Supply Depot  
  91  6:52  SCV x2  
  93  6:56  Marine  
  94  7:01  Viking x2  
  94  7:02  Barracks Reactor x2  
  98  7:11  SCV x2  
  98  7:14  Marine  
  101  7:17  Siege Tank  
  104  7:31  Viking x2  
  104  7:32  Marine  
  104  7:35  SCV x2  
  111  7:39  Marine x4  
  107  7:52  Marine  
  107  7:53  SCV x2, Siege Tank  
  107  7:57  Marine x4  
  104  8:01  Viking x2, Combat Shield  
  108  8:06  SCV x2  
  108  8:10  Marine  
  109  8:14  Marine x4  
  109  8:15  Orbital Command  
  109  8:22  SCV x2  
  111  8:27  Marine  
  111  8:31  Siege Tank  
  111  8:32  Marine x4  
  110  8:36  SCV x2  
  112  8:41  SCV, Barracks  
  112  8:42  Armory  
  112  8:43  Barracks  
  112  8:45  Marine  
  114  8:48  SCV  
  114  8:49  SCV  
  114  8:54  Marine  
  117  9:00  SCV, Marine x2  
  117  9:01  SCV  
  117  9:02  Marine  
  117  9:03  Marine  
  117  9:05  Medivac  
  117  9:06  Medivac  
  117  9:07  SCV  
  102  9:12  SCV, Marine  
  102  9:13  SCV, Siege Tank  
  103  9:18  Marine x2  
  103  9:19  Refinery  
  103  9:20  Refinery, Marine  
  103  9:21  Marine  
  107  9:26  SCV  
  107  9:30  Marine  
  107  9:31  Barracks Reactor  
  103  9:34  Barracks Reactor  
  103  9:36  Marine x2  
  103  9:38  Marine  
  105  9:39  Marine  
  105  9:42  Medivac x2  
  105  9:45  Siege Tank  
  114  9:46  Terran Infantry Weapons Level 2  
  114  9:48  Marine  
  115  9:53  Terran Infantry Armor Level 2, Command Center  
  115  9:54  Marine x2  
  115  9:58  Supply Depot  
  115  9:59  Marine  
  117  10:00  SCV x3, Supply Depot  
  117  10:06  Marine  
  122  10:09  Factory  
  122  10:11  Barracks Reactor  
  116  10:22  Marine x6  
  116  10:23  Siege Tank  
  116  10:27  Marine x2  
  127  10:35  Medivac x2  
  129  10:39  Marine x4  
  129  10:40  Marine x2  
  137  10:44  SCV x2  
  137  10:45  SCV  
  137  10:46  Refinery  
  137  10:48  Refinery  
  140  10:54  Marine  
  141  11:00  Marine x3  
  141  11:01  Supply Depot  
  141  11:02  Supply Depot  
  141  11:04  Marine x2  
  141  11:05  Siege Tank x2  
  141  11:07  Marine x4  
  142  11:12  Medivac x2  
  142  11:18  Planetary Fortress  
  143  11:20  Marine x4  
  146  11:30  Marine x4  
  141  11:36  Marine x2  
  141  11:37  Marine x2, Siege Tank x2  
  138  11:40  Marine x2  
  135  11:48  Marine x2  
  135  11:49  Marine x2  
  135  11:53  Marine x2  
Show
View Real Time Build Order
Export as new Build Order

LiquidClem Terran 

Build Orders:  

Get SALT Encoding   

  12  0:00  SCV  
  13  0:13  SCV  
  14  0:17  Supply Depot  
  14  0:25  SCV  
  15  0:38  SCV  
  15  0:40  Barracks  
  16  0:43  Refinery  
  16  0:50  SCV  
  16  0:55  Refinery  
  17  1:02  SCV  
  18  1:15  SCV  
  19  1:24  Supply Depot  
  19  1:27  Orbital Command, Reaper  
  20  1:42  Factory  
  20  1:52  SCV  
  21  1:59  Reaper  
  22  2:04  SCV  
  23  2:18  Command Center  
  23  2:19  SCV  
  24  2:26  Hellion  
  26  2:31  Reaper  
  26  2:32  SCV  
  28  2:41  Supply Depot  
  28  2:44  SCV  
  29  2:47  Starport  
  29  2:53  Hellion  
  31  3:02  SCV  
  33  3:14  SCV  
  33  3:15  Factory Tech Lab  
  34  3:23  Refinery  
  34  3:24  Starport Tech Lab  
  34  3:26  SCV  
  35  3:30  Orbital Command  
  37  3:34  Cyclone  
  37  3:38  SCV  
  38  3:47  Raven  
  40  3:51  SCV, Supply Depot  
  40  3:53  Barracks Reactor  
  41  3:57  SCV  
  42  4:03  SCV  
  42  4:08  Cyclone  
  42  4:09  SCV  
  47  4:12  Supply Depot  
  47  4:15  SCV  
  48  4:21  SCV  
  49  4:30  Marine x2  
  47  4:31  SCV  
  47  4:40  Raven  
  47  4:42  SCV  
  47  4:44  SCV  
  49  4:48  Marine x2  
  51  4:53  Command Center  
  51  4:55  SCV  
  51  4:57  SCV  
  53  5:02  Siege Tank  
  56  5:07  SCV  
  56  5:09  SCV, Marine x2  
  60  5:15  Supply Depot  
  60  5:20  SCV  
  61  5:21  SCV  
  61  5:24  Raven  
  64  5:32  SCV  
  64  5:34  Refinery, SCV  
  66  5:41  Marine x2  
  66  5:44  SCV  
  66  5:46  SCV  
  62  5:52  Siege Tank  
  62  5:56  SCV  
  66  5:58  SCV  
  67  6:05  Orbital Command  
  67  6:08  SCV  
  67  6:10  SCV  
  69  6:16  Marine  
  70  6:19  Viking x2  
  70  6:20  SCV  
  70  6:22  SCV  
  76  6:27  Siege Tank  
  76  6:30  Orbital Command  
  76  6:32  SCV, Supply Depot  
  80  6:34  SCV  
  80  6:36  Marine  
  80  6:38  Stimpack  
  82  6:44  SCV  
  82  6:46  SCV  
  84  6:50  Viking  
  84  6:51  Viking  
  88  6:55  Marine, Supply Depot  
  88  6:56  SCV  
  88  6:57  SCV  
  88  6:58  SCV  
  88  7:08  SCV  
  88  7:09  SCV  
  88  7:10  SCV  
  88  7:12  Marine  
  91  7:16  Supply Depot  
  91  7:21  SCV, Siege Tank  
  93  7:23  Viking  
  93  7:24  Viking  
  93  7:25  SCV  
  98  7:30  SCV, Marine  
  98  7:34  Barracks  
  98  7:35  SCV  
  98  7:36  Barracks  
  100  7:38  SCV  
  100  7:42  SCV  
  102  7:47  SCV  
  102  7:48  Marine  
  94  7:53  SCV, Siege Tank  
  94  7:56  Viking x2  
  95  8:00  SCV  
  96  8:06  Marine  
  96  8:10  Engineering Bay x2  
  97  8:14  SCV  
  94  8:24  Marine  
  94  8:27  Barracks Reactor x2, Viking, Siege Tank  
  96  8:28  Viking  
  96  8:30  SCV x2  
  93  8:37  SCV  
  93  8:40  Refinery  
  93  8:41  Refinery, Marine  
  94  8:42  SCV  
  96  8:49  SCV  
  96  8:52  SCV  
  98  8:59  Marine  
  98  9:01  Siege Tank  
  88  9:03  SCV  
  88  9:05  Marine  
  88  9:06  SCV  
  71  9:10  Viking x2  
  71  9:11  Marine  
  71  9:12  Marine x2  
  71  9:14  SCV  
  74  9:17  Marine  
  74  9:19  SCV  
  74  9:20  SCV  
  74  9:23  Marine  
  78  9:29  SCV, Marine x2, Combat Shield  
  78  9:30  Marine  
  82  9:34  Siege Tank  
  82  9:35  SCV, Marine  
  82  9:37  Barracks  
  82  9:38  Terran Infantry Armor Level 1, Terran Infantry Weapons Level 1  
  87  9:39  Barracks  
  87  9:43  Marine  
  88  9:46  Medivac  
  88  9:47  SCV  
  88  9:48  Medivac  
  88  9:49  SCV, Marine  
  88  9:50  SCV  
  96  9:55  Marine  
  96  9:56  Marine  
  96  9:57  Marine  
  96  9:59  SCV  
  100  10:01  SCV  
  100  10:03  SCV  
  100  10:05  Marine  
  103  10:09  Supply Depot, Siege Tank  
  103  10:11  SCV  
  103  10:12  Marine  
  103  10:13  Marine x2  
  111  10:14  SCV  
  111  10:18  SCV  
  105  10:23  Marine x2  
  105  10:24  Marine  
  105  10:27  SCV  
  105  10:28  Marine  
  107  10:29  Marine, Liberator  
  107  10:30  Viking  
  107  10:35  Supply Depot  
  113  10:36  Marine x2  
  113  10:41  Marine  
  113  10:42  Marine  
  116  10:43  Barracks Reactor  
  116  10:46  Barracks Reactor, Supply Depot  
  116  10:47  Armory, Marine  
  116  10:54  Marine x2  
  115  10:59  Marine  
  115  11:00  Marine, Supply Depot  
  115  11:02  Supply Depot  
  115  11:05  Marine  
  115  11:07  Siege Tank  
  101  11:12  Marine x2  
  101  11:17  Marine x2  
  101  11:18  Medivac x2  
  108  11:19  Sensor Tower  
  108  11:23  Marine x4  
  112  11:30  Marine  
  112  11:31  Marine x2  
  100  11:35  Marine x2  
  86  11:41  Marine x4  
  79  11:48  Marine  
  79  11:49  Marine x2  
  79  11:51  SCV x2  
  79  11:52  Marine  
  79  11:53  Marine  
  74  11:59  SCV  
Tags
 
Event
TSL 7
League
Bronze
Matchup
TvT
Player
ClemCure
Race
Terran
Add a new tag
Caveats
  • Supply blocks, unpowered buildings, or Contaminate may cause inaccurate times.
  • Supply counts are checked every 10 seconds.